 Dungeon Crawl Stone Soup version 0.27.1-33-g824d729ab1 (webtiles) character file.

Game seed: 10909187812587668076

18 daervis the Skirmisher (level 2, -2/19 HPs)
             Began as a Gargoyle Berserker on Dec 23, 2021.
             Was a Follower of Trog.
             Slain by a bullfrog skeleton (3 damage)
             ... on level 2 of the Dungeon.
             The game lasted 00:04:48 (1103 turns).

daervis the Skirmisher (Gargoyle Berserker)         Turns: 1103, Time: 00:04:49

Health: -2/19      AC:  5    Str: 20    XL:     2   Next: 70%
Magic:  2/2        EV: 11    Int:  7    God:    Trog [*.....]
Gold:   30         SH:  0    Dex:  9    Spells: 1/1 levels left

rFire    . . .     SeeInvis .   a - +0 hand axe
rCold    . . .     Faith    .   (no shield)
rNeg     + . .     Spirit   .   b - +0 animal skin
rPois    ∞         Reflect  .   (no helmet)
rElec    +         Harm     .   (no cloak)
rCorr    .         Rampage  .   (no gloves)
Will     .....                  (no boots)
Stlth    +.........             (no amulet)
HPRegen  0.06/turn              (no ring)
MPRegen  0.08/turn              (no ring)

@: no status effects
A: sickness immunity, AC +2, negative energy resistance 1, electricity
resistance, torment resistance 1, petrification resistance
a: Renounce Religion, Berserk


You were on level 2 of the Dungeon.
You worshipped Trog.
Trog was aware of your devotion.
You visited 1 branch of the dungeon, and saw 2 of its levels.

You collected 30 gold pieces.

Inventory:

Hand Weapons
 a - a +0 hand axe (weapon)
Armour
 b - a +0 animal skin (worn)
Scrolls
 c - a scroll of fear {unknown}
 d - a scroll of identify {unknown}
 e - a scroll of vulnerability {unknown}


   Skills:
 + Level 3.5 Fighting
 + Level 3.0 Axes
 + Level 2.3 Armour
 - Level 1.5 Dodging
 * Level 1.4 Stealth


You had one spell level left.
You didn't know any spells.
Your spell library was empty.

Dungeon Overview and Level Annotations

Branches:
Dungeon (2/15)

Altars:

Shops:
D:1 ?


Innate Abilities, Weirdness & Mutations

You are immune to sickness and miasma.
Your stone body is resilient. (AC +2)
You are immune to poison.
You resist negative energy. (rN+)
You are resistant to electric shocks. (rElec)
You are resistant to unholy torment.
You are immune to petrification.


Message History

You hit the goblin.
You kill the goblin!
Trog accepts your kill.
You see here a +0 club.
You see here a +0 club.
There is a stone staircase leading down here.
Done exploring.
You see here a +0 club.
There is a stone staircase leading down here.
You climb downwards.
There is a stone staircase leading up here.
Found 14 stones.
A bullfrog skeleton comes into view.
You hit the bullfrog skeleton.
The bullfrog skeleton is lightly damaged.
The bullfrog skeleton hits you but does no damage.
The bullfrog skeleton hits you.
You barely miss the bullfrog skeleton.
The bullfrog skeleton is lightly damaged.
The bullfrog skeleton hits you.
You hit the bullfrog skeleton.
The bullfrog skeleton is moderately damaged.
The bullfrog skeleton hits you but does no damage.
The bullfrog skeleton hits you.
You hit the bullfrog skeleton.
The bullfrog skeleton is heavily damaged.
The bullfrog skeleton hits you.
You hit the bullfrog skeleton.
The bullfrog skeleton is heavily damaged.
The bullfrog skeleton hits you.
* * * LOW HITPOINT WARNING * * *
The bullfrog skeleton barely misses you.
You hit the bullfrog skeleton.
The bullfrog skeleton is severely damaged.
The bullfrog skeleton hits you.
* * * LOW HITPOINT WARNING * * *
You hit the bullfrog skeleton.
The bullfrog skeleton is severely damaged.
The bullfrog skeleton hits you.
You die...

####....##.....
...............
...............
...............
...............
...............
......Z.....#
#@....# #.....#
#.....#####.
#...........
##.##.......
#..........
###......(.
#........
#........


You could see a bullfrog skeleton.

Vanquished Creatures
  A dart slug (D:1)
  2 endoplasms (D:1)
  A giant cockroach (D:1)
  2 goblins (D:1)
  A hobgoblin (D:1)
  A kobold (D:1)
  A quokka (D:1)
  2 ball pythons (D:1)
  A bat (D:1)
  A frilled lizard (D:1)
  3 rats (D:1)
16 creatures vanquished.

Notes
Turn   | Place    | Note
-------+----------+-------------------------------------------
     0 | D:1      | daervis the Gargoyle Berserker began the quest for the Orb.
     0 | D:1      | Reached XP level 1. HP: 14/14 MP: 1/1
   125 | D:1      | Found Disathrin's Magic Scroll Boutique.
   198 | D:1      | Reached XP level 2. HP: 17/19 MP: 2/2
   278 | D:1      | Reached skill level 1 in Stealth
   336 | D:1      | Found a faded altar of an unknown god.
  1103 | D:2      | Slain by a bullfrog skeleton

Illustrated notes

Levels and vault maps discovered:
D:1:      co_arrival_square_in_a_square_in_a_square, layout_rooms,
          shapermc_ecumenical_altar_pompeii, serial_shops,
          nicolae_shop_waterfront
D:2:      layout_basic, serial_shops, nicolae_shop_overgrown_old_shop,
          kennysheep_generic_room_11

Skill      XL: |  1  2 |
---------------+-------+-----
Stealth        | 1 |  1.4
Axes           | 3 |  3.0
Fighting       | |  3.5
Armour         | |  2.3
Dodging        | |  1.5

Action                   || total
-------------------------++-------
Melee: Hand axe          ||    58
Armor: Animal skin       ||    19
Dodge: Dodged            ||    28
